 Dungeon Crawl Stone Soup version 0.16-a0-4123-g49b462e (webtiles) character file.

72 Armakuni the Charmwright (level 4, -5/29 HPs)
             Began as a High Elf Skald on Mar 2, 2015.
             Was an Initiate of Okawaru.
             Slain by Natasha (8 damage)
             ... on level 3 of the Dungeon.
             The game lasted 00:08:16 (2427 turns).

Armakuni the Charmwright (High Elf Skald)           Turns: 2427, Time: 00:08:17

Health: -5/29      AC:  3    Str: 12    XL:     4   Next: 6%
Magic:  7/11       EV: 11    Int: 15    God:    Okawaru [......]
Gold:   104        SH:  0    Dex: 15    Spells: 3 memorised, 1 level left

rFire  + . .     SeeInvis .     a - +0 falchion
rCold  + . .     Clarity  .     b - +0 leather armour
rNeg   . . .     SustAb   .     (no shield)
rPois  +         Gourm    .     (no helmet)
rElec  +         Spirit   .     (no cloak)
rCorr  +         Warding  .     (no gloves)
rMut   .         Stasis   .     (no boots)
MR     .....                    (no amulet)
Stlth  ++........               (no ring)
                                S - ring of stealth

@: resistant, infused, not resistant to hostile enchantments, unstealthy
A: no striking features
a: Renounce Religion


You were on level 3 of the Dungeon.
You worshipped Okawaru.
Okawaru was noncommittal.
You were not hungry.

You visited 1 branch of the dungeon, and saw 3 of its levels.

You collected 104 gold pieces.

Inventory:

Hand weapons
 a - a +0 falchion (weapon)
Missiles
 e - 43 stones (quivered)
 n - a throwing net
Armour
 b - a +0 leather armour (worn)
 o - a +1 ring mail
Jewellery
 S - a ring of stealth (left hand)
Scrolls
 k - a scroll of identify
 l - a scroll of blinking
Potions
 h - a potion of haste {unknown}
 i - a potion of lignification {unknown}
 j - a potion of magic {unknown}
Books
 c - a book of Battle

   Spells                             Type                      Level
   a - Infusion                       Charms                       1
   b - Shroud of Golubria             Charms/Translocation         2
   c - Song of Slaying                Charms                       2
   d - Spectral Weapon                Hexes/Charms                 3
   e - Regeneration                   Charms/Necromancy            3
Comestibles
 d - a bread ration
 p - 2 chunks of flesh


   Skills:
 - Level 2.0 Fighting
 - Level 4.1 Long Blades
 - Level 0.8 Armour
 - Level 1.1 Dodging
 - Level 2.4 Spellcasting
 + Level 1.4 Hexes
 - Level 4.4 Charms


You had one spell level left.
You knew the following spells:

 Your Spells              Type           Power        Failure   Level  Hunger
g - Shroud of Golubria    Chrm/Tloc      #.........   21%         2    ###....
w - Spectral Weapon       Hex/Chrm       ##......     24%         3    ###....
z - Infusion              Chrm           ###...       4%          1    #......


Dungeon Overview and Level Annotations

Branches:
Dungeon (3/15)

Altars:
Okawaru

Annotations:
D:3 Natasha


Message History

You closely miss Natasha.
The shadow imp hits you but does no damage.
Natasha claws you.
* * * LOW HITPOINT WARNING * * *
You aren't carrying any items that can be evoked.
Casting: Infusion
Confirm with . or Enter, or press ? or * to list all spells.
Space distorts slightly along a thin shroud covering your body.
The shadow imp barely misses you. Natasha barely misses you.
Drink which item? (? for menu, Esc to quit)
It was a potion of cure mutation.
It has a very clean taste.
The shadow imp hits you.
* * * LOW HITPOINT WARNING * * *
Your shroud falls apart!
Natasha casts a spell at thin air.
Drink which item? (? for menu, Esc to quit)
It was a potion of resistance.
You feel protected. The shadow imp misses you. Natasha claws you!
You die...

#.#...# #.....
#.#...# #.....
#.....###.....
#.##..........
########.##......####
#.............)......
#.#######.###........
#.##5h....# .........
#.##@#....#.#.##.....
#..$.#.#....#.##.....
######.#..# ......##
. #..# #.# #.# . #..#
. #..# (.#


You could see Natasha and a shadow imp.

Vanquished Creatures
  3 adders (D:2)
  A worm (D:2)
  A giant gecko (D:2)
  2 oozes (D:1)
  3 giant cockroaches
  4 hobgoblins
  2 jackals (D:1)
  3 kobolds
  5 bats
  3 giant newts (D:1)
  5 goblins
  A quokka (D:2)
  5 rats
38 creatures vanquished.

Notes
Turn   | Place    | Note
--------------------------------------------------------------
     0 | D:1      | Armakuni, the High Elf Skald, began the quest for the Orb.
     0 | D:1      | Reached XP level 1. HP: 14/14 MP: 4/4
   420 | D:1      | Reached XP level 2. HP: 14/19 MP: 6/6
   443 | D:1      | Reached skill level 4 in Charms
   628 | D:1      | Learned a level 2 spell: Shroud of Golubria
   809 | D:1      | You fall through a shaft!
  1033 | D:2      | Reached XP level 3. HP: 11/24 MP: 2/8
  1095 | D:2      | Learned a level 3 spell: Spectral Weapon
  1670 | D:2      | Found an iron altar of Okawaru.
  1710 | D:2      | Became a worshipper of Warmaster Okawaru
  1849 | D:2      | Reached skill level 1 in Hexes
  2123 | D:2      | Reached XP level 4. HP: 24/29 MP: 6/11
  2402 | D:3      | Noticed Natasha
  2427 | D:3      | Slain by Natasha

Action                   |  1- 3 |  4- 6 || total
-------------------------+-------+-------++-------
Melee: Falchion          |   128 |    15 ||   143
 Cast: Infusion          |     8 |     3 ||    11
       Shroud of Golubri |     6 |     2 ||     8
       Spectral Weapon   |     1 |       ||     1
  Use: Scroll            |       |     2 ||     2
       Potion            |       |     2 ||     2
 Stab: Sleeping          |     2 |       ||     2
       Distracted        |     1 |       ||     1
  Eat: Chunk             |     5 |     1 ||     6
